 Dungeon Crawl Stone Soup version 0.22-a0-469-gf26638a (webtiles) character file.

112138 iamserjio the Black Belt (level 16, 0/151 HPs)
             Began as a Green Draconian Monk on June 11, 2018.
             Was a High Priest of Elyvilon.
             Slain by a scimitar of slicing (8 damage)
             ... on level 1 of the Elven Halls.
             The game lasted 01:50:24 (48883 turns).

iamserjio the Black Belt (Green Draconian Monk)    Turns: 48883, Time: 01:50:25

Health: 0/151      AC: 22    Str: 16    XL:     16   Next: 11%
Magic:  17/22      EV: 20    Int: 15    God:    Elyvilon [*****.]
Gold:   376        SH:  9    Dex: 16    Spells: 9/25 levels left

rFire    . . .     SeeInvis .     - Unarmed
rCold    . . .     Gourm    .   g - +0 buckler
rNeg     . . .     Faith    .   (armour unavailable)
rPois    +         Spirit   .   u - +2 hat
rElec    .         Reflect  +   a - +0 cloak
rCorr    .         Harm     .   C - +1 pair of gloves
MR       ++...                  K - +2 pair of boots
Stlth    +++.......             L - +4 amulet of reflection
HPRegen  0.35/turn              p - +5 ring of protection
MPRegen  0.18/turn              M - ring of stealth

@: drained
A: breathe noxious fumes, unfitting armour, antennae 1, big wings, stinger 1,
low mp 1, magic resistance 1, poison resistance, strong 1, cold-blooded, AC +9
a: Breathe Noxious Fumes, Fly, Lesser Healing, Heal Other, Purification, Greater
Healing, Divine Vigour, Divine Protection, Renounce Religion


You were on level 1 of the Elven Halls.
You worshipped Elyvilon.
Elyvilon was extremely pleased with you.
You were not hungry.

You visited 4 branches of the dungeon, and saw 24 of its levels.
You also visited: Sewer.

You collected 2004 gold pieces.
You spent 1628 gold pieces at shops.

Inventory:

Hand Weapons
 s - a +0 blowgun
Missiles
 j - 726 stones (quivered)
 v - 6 curare-tipped needles
Armour
 a - a +0 cloak (worn)
 g - a +0 buckler (worn)
 m - a scarf of spirit shield
 u - a +2 hat (worn)
 x - a +0 shield
 C - a +1 pair of gloves (worn)
 K - a +2 pair of boots (worn)
Magical Staves
 k - an uncursed staff of wizardry {unknown}
Jewellery
 p - a +5 ring of protection (left hand)
 r - an uncursed ring of magical power
 G - the ring "Farrat" {rElec MR+ Str-4 Int+3 SInv}
   (You found it on level 8 of the Dungeon)

   [ring of see invisible]

   It affects your strength (-4).
   It affects your intelligence (+3).
   It insulates you from electricity.
   It affects your resistance to hostile enchantments.
   It lets you see invisible.
 L - a +4 amulet of reflection (around neck)
 M - a ring of stealth (right hand)
 O - an uncursed ring of wizardry
Wands
 b - a wand of digging (5)
 e - a wand of acid (8)
Scrolls
 f - a scroll of immolation
 h - 8 scrolls of remove curse
 i - 5 scrolls of teleportation
 o - 5 scrolls of fear
 w - 3 scrolls of blinking
 y - 5 scrolls of fog
 H - 3 scrolls of magic mapping
 J - a scroll of identify
Potions
 c - a potion of might
 d - 5 potions of brilliance
 l - a potion of mutation
 q - 3 potions of ambrosia
 t - 2 potions of haste
 z - 4 potions of lignification
 A - 5 potions of heal wounds
 B - 6 potions of curing
 D - a potion of invisibility
 E - a potion of agility
 N - 2 potions of magic
Miscellaneous
 F - a sack of spiders
 I - a lamp of fire (inert)
Comestibles
 n - 25 rations


   Skills:
 + Level 15.8(15.6) Fighting
 - Level 11.0(10.7) Dodging
 - Level 2.9(2.7) Stealth
 + Level 3.9(3.7) Shields
 + Level 16.1(15.8) Unarmed Combat
 + Level 5.1(4.9) Spellcasting
 - Level 2.0(1.8) Charms
 * Level 8.2(8.0) Summonings
 - Level 12.0(11.7) Invocations


You had 9 spell levels left.
You knew the following spells:

 Your Spells              Type           Power        Failure   Level  Hunger
a - Blink                 Tloc           N/A          26%         2    ##.....
b - Song of Slaying       Chrm           #.......     12%         2    ##.....
c - Shadow Creatures      Summ           N/A          67%         6    #######
d - Summon Butterflies    Summ           ####....     1%          1    None
e - Summon Mana Viper     Hex/Summ       ###.....     65%         5    ######.

Your spell library contained the following spells:

 Spells                   Type           Power        Failure   Level  Hunger
 Magic Dart               Conj           #...         17%         1    None
 Conjure Flame            Conj/Fire      #.......     45%         3    ###....
 Slow                     Hex            #.......     26%         2    ##.....
 Confuse                  Hex            #.......     45%         3    ###....
 Throw Frost              Conj/Ice       #.....       26%         2    ##.....
 Mephitic Cloud           Conj/Pois/Air  #.......     45%         3    ###....
 Freeze                   Ice            #...         17%         1    None
 Summon Ice Beast         Ice/Summ       ###.....     30%         4    ####...
 Ozocubu's Armour         Chrm/Ice       #.......     34%         3    ###....
 Call Imp                 Summ           ####....     1%          2    ##.....
 Regeneration             Chrm/Necr      #.........   34%         3    ###....
 Tukima's Dance           Hex            #.......     45%         3    ###....
 Throw Icicle             Conj/Ice       #.......     86%         4    ####...
 Call Canine Familiar     Summ           ####....     1%          3    ###....
 Ensorcelled Hibernation  Hex/Ice        #.....       26%         2    ##.....
 Silence                  Hex/Air        #.........   99%         5    ######.
 Corona                   Hex            #......      17%         1    None
 Summon Hydra             Summ           ####......   99%         7    #######
 Darkness                 Hex            #.........   100%        6    #######
 Shroud of Golubria       Chrm/Tloc      #.........   17%         2    ##.....
 Dazzling Spray           Conj/Hex       #.....       45%         3    ###....
 Infusion                 Chrm           #...         8%          1    None
 Spectral Weapon          Hex/Chrm       #.......     34%         3    ###....
 Borgnjor's Vile Clutch   Necr/Erth      #.........   99%         5    ######.


Dungeon Overview and Level Annotations

Branches:
Dungeon (15/15) Temple (0/1) D:6 Lair (6/6) D:11 Shoals (0/4) Lair:3 Snake (0/4) Lair:2 Slime (0/5) Lair:6 Orc (2/2) D:9 Elf (1/3) Orc:2 Vaults (0/5) D:12 D:13 Depths (0/5) D:15

Altars:
Ashenzari
Cheibriados
Elyvilon
Fedhas
Hepliaklqana
Kikubaaqudgha
Wu Jian
Zin
The Shining One
Beogh
Jiyva

Shops:
D:6 *   D:10 ?   Orc:2 ==%?

Portals:
Trove: D:13 (give 4 potions of resistance)


Innate Abilities, Weirdness & Mutations

You can breathe blasts of noxious fumes.
Your lurid green scales are hard. (AC +9)
You cannot fit into any form of body armour.
Your tail ends in a poisonous barb.
Your system is resistant to poisons. (rPois)
You are cold-blooded and may be slowed by cold attacks.
You have a pair of small antennae on your head.
Your large and strong wings let you fly indefinitely.
Your magical capacity is low. (-10% MP)
You are resistant to hostile enchantments. (MR+)
Your muscles are strong. (Str +2)


Message History

The scimitar of slicing is heavily damaged.
The scimitar of slicing hits you!!
* * * LOW HITPOINT WARNING * * *
x2 You miss the scimitar of slicing.
Your tail-slap misses the scimitar of slicing.
The scimitar of slicing is heavily damaged.
The scimitar of slicing hits you!!
* * * LOW HITPOINT WARNING * * *
x2 You are healed.
You feel quite a bit more hungry. The scimitar of slicing misses you.
You completely miss the scimitar of slicing.
The scimitar of slicing is moderately damaged.
The scimitar of slicing hits you.
* * * LOW HITPOINT WARNING * * *
x2 You punch the scimitar of slicing!
Your tail-slap misses the scimitar of slicing.
The scimitar of slicing is almost destroyed.
The scimitar of slicing hits you!!
* * * LOW HITPOINT WARNING * * *
You die...

#. ##.....# #.
##...## ####+##
##Y## ##.....## #)#
#.......####(#####.#
#.......+.)........#
##......###..####...
##...[.###.##
#....@....#
#..≈≈(≈≈..#
#≈≈≈≈≈≈≈≈≈#
#≈≈≈≈≈≈≈≈≈#
#≈≈≈≈≈≈≈≈≈#
#..≈≈≈≈≈..#
#....[....#
#.........#
##..)<)..##


You could see a scimitar of slicing.

Vanquished Creatures
  An orc warlord (Orc:2)
  Nessos (D:12)
  A fire dragon (Lair:6)
  A yaktaur captain (D:15)
  10 hydras
  The ghost of Mgcat the Severer, a journeyman MiBe of Trog (D:9)
  A death knight (D:13)
  An ogre mage (D:9)
  8 two-headed ogres
  4 centaur warriors
  5 orc high priests (Orc:2)
  3 dancing weapons (Elf:1)
  2 tengu warriors
  Urug (D:13)
  A deep elf knight (Orc:2)
  Sonja (D:14)
  A skeletal warrior (D:13)
  The ghost of galech the Cudgeler, a novice OgBe of Trog (D:6)
  A wizard (D:15)
  An unseen horror (D:12)
  Pikel (D:4)
  A lindwurm (Lair:6)
  A wolf spider zombie (D:15)
  3 orc knights (Orc:2)
  5 orc sorcerers (Orc:2)
  14 deep elf magi
  10 ugly things
  3 cyclopes
  4 elephants (Lair:6)
  10 spiny frogs
  4 molten gargoyles
  5 black mambas
  5 gargoyles
  2 merfolk sirens (Lair:3)
  3 kobold demonologists
  6 komodo dragons
  2 rime drakes
  11 trolls
  2 freezing wraiths (D:12)
  An efreet (D:15)
  A polar bear (shapeshifter) (D:15)
  A harpy zombie (D:15)
  2 tengu conjurers (D:15)
  A queen bee (D:10)
  Grinder (D:4)
  3 hornets
  A polar bear (Lair:2)
  24 blink frogs
  5 slime creatures (D:12)
  7 hippogriffs
  4 dream sheep
  5 wyverns
  64 yaks
  16 humans
  3 hungry ghosts
  4 wraiths
  A fire elemental (Elf:1)
  8 basilisks
  2 vampire mosquitoes
  3 steam dragons
  4 wargs (Orc:2)
  4 acid dragons
  3 nagas (Lair:2)
  21 water moccasins
  5 hell hounds
  A hornet zombie (D:15)
  5 black bears
  3 ice beasts
  14 porcupines
  44 orc warriors
  3 phantoms
  16 ogres
  4 sky beasts
  An eye of draining (D:15)
  16 wolves
  7 centaurs
  19 crocodiles
  23 big kobolds
  23 bullfrogs
  A water moccasin zombie (D:8)
  A wyvern zombie (D:7)
  2 scorpions
  12 wights
  23 killer bees
  6 vampire bats
  A howler monkey (D:10)
  7 crimson imps
  5 lava snakes (Lair:6)
  5 centaur zombies
  2 bullfrog zombies
  2 quasits
  8 hounds
  Crazy Yiuf (D:7)
  9 jellies
  34 orc priests
  A bullfrog skeleton (D:4)
  9 centaur skeletons
  23 orc wizards
  A gnoll shaman (D:6)
  Ijyb (D:3)
  3 iguanas
  2 hell rats (Lair:6)
  11 worker ants
  A hound zombie (D:6)
  A hound skeleton (D:4)
  6 adders
  5 gnolls (D:6)
  9 river rats (Lair:6)
  9 shadow imps
  7 oozes
  3 adder zombies
  3 worms
  4 dart slugs
  6 leopard geckos
  131 orcs
  12 bats
  4 bat skeletons (D:7)
  3 bat zombies (D:7)
  5 giant cockroaches
  10 goblins
  11 hobgoblins
  14 jackals
  9 quokkas
  3 ball pythons
  6 frilled lizards
  31 kobolds
  A leopard gecko zombie (D:8)
  3 quokka skeletons
  7 rats
985 creatures vanquished.

Vanquished Creatures (collateral kills)
  Rupert (D:11)
  A deep elf mage (Elf:1)
2 creatures vanquished.

Vanquished Creatures (others)
  A deep elf mage (Elf:1)
  A water elemental (Elf:1)
  A slave (D:6)
  A wyvern zombie (D:6)
  A leopard gecko (D:6)
  An orc (D:15)
  34 fungi
  12 plants
52 creatures vanquished.

Grand Total: 1039 creatures vanquished

Notes
Turn   | Place    | Note
-------+----------+-------------------------------------------
     0 | D:1      | iamserjio the Draconian Monk began the quest for the Orb.
     0 | D:1      | Reached XP level 1. HP: 19/19 MP: 1/1
   173 | D:1      | Reached XP level 2. HP: 25/26 MP: 2/2
   675 | D:1      | Reached XP level 3. HP: 28/31 MP: 3/3
   969 | D:1      | You fall through a shaft!
  1574 | D:2      | Reached XP level 4. HP: 27/40 MP: 4/4
  1769 | D:2      | Reached skill level 4 in Unarmed Combat
  1824 | D:2      | Found a blossoming altar of Fedhas.
  2789 | D:3      | Reached XP level 5. HP: 46/46 MP: 5/5
  2927 | D:3      | Found a white marble altar of Elyvilon.
  3055 | D:4      | Noticed Ijyb
  3598 | D:4      | Found a roughly hewn altar of Beogh.
  3655 | D:3      | Became a worshipper of Elyvilon the Healer
  3655 | D:3      | Reached * piety under Elyvilon
  3655 | D:3      | Reached ** piety under Elyvilon
  3725 | D:3      | Paralysed by Ijyb for 7 turns
  3736 | D:3      | Killed Ijyb
  4343 | D:4      | Reached skill level 1 in Invocations
  4351 | D:4      | Reached skill level 5 in Unarmed Combat
  4359 | D:4      | Reached XP level 6. HP: 47/53 MP: 5/7
  4400 | D:3      | Gained mutation: Your spells are a little easier to cast, but a little less powerful. [potion of mutation]
  4400 | D:3      | Gained mutation: Scrolls take you a little longer to read. [potion of mutation]
  4400 | D:3      | Gained mutation: You are resistant to hostile enchantments. (MR+) [potion of mutation]
  4401 | D:3      | HP: 2/53 [poisoned by an orc]
  5369 | D:4      | Noticed a slave
  5371 | D:4      | Noticed Pikel
  5371 | D:4      | Noticed a slave
  5392 | D:4      | Noticed a slave
  5398 | D:4      | Noticed a slave
  5406 | D:4      | Killed Pikel
  5406 | D:4      | Reached skill level 5 in Fighting
  5406 | D:4      | Reached skill level 6 in Unarmed Combat
  5406 | D:4      | Your scales start taking on a lurid green colour.
  5406 | D:4      | Reached XP level 7. HP: 33/62 MP: 7/9
  5406 | D:4      | Gained mutation: Your system is resistant to poisons. (rPois) [Green Draconian growth]
  5631 | D:5      | Entered Level 5 of the Dungeon
  5687 | D:5      | Reached skill level 7 in Unarmed Combat
  5710 | D:5      | Reached XP level 8. HP: 41/70 MP: 10/10
  5713 | D:5      | Found a glowing drain.
  5717 | Sewer    | Entered a sewer
  6320 | D:4      | Noticed Grinder
  6331 | D:4      | Killed Grinder
  6530 | D:5      | Reached skill level 8 in Unarmed Combat
  6686 | D:5      | Reached skill level 5 in Invocations
  7088 | D:5      | Found a glowing golden altar of the Shining One.
  7397 | D:6      | Found a shattered altar of Ashenzari.
  7403 | D:6      | Found a runed door.
  7491 | D:6      | Noticed galech's ghost (novice OgBe)
  7517 | D:6      | Killed galech's ghost
  7517 | D:6      | Reached skill level 9 in Unarmed Combat
  7517 | D:6      | Reached XP level 9. HP: 56/79 MP: 13/13
  7793 | D:6      | Found Kalo's General Store.
  7832 | D:6      | Bought a scarf of spirit shield for 117 gold pieces
  8156 | D:6      | Found a staircase to the Ecumenical Temple.
  8527 | D:6      | Reached skill level 10 in Unarmed Combat
  9116 | D:6      | Found a roughly hewn altar of Beogh.
  9191 | D:6      | Bought a scroll of teleportation for 39 gold pieces
  9194 | D:6      | Learned a level 2 spell: Blink
  9421 | D:7      | Reached *** piety under Elyvilon
  9474 | D:7      | Found a runed door.
  9491 | D:7      | Found a hazy altar of Hepliaklqana.
  9602 | D:7      | Noticed Crazy Yiuf
  9609 | D:7      | Killed Crazy Yiuf
 10168 | D:7      | Reached XP level 10. HP: 86/90 MP: 15/15
 10288 | D:7      | Found an ornate altar of the Wu Jian Council.
 10481 | D:7      | Found an ancient bone altar of Kikubaaqudgha.
 10834 | D:8      | Noticed a two-headed ogre
 10858 | D:8      | Killed a two-headed ogre
 11830 | D:8      | Reached skill level 11 in Unarmed Combat
 12083 | D:8      | Got a slimy platinum ring
 12287 | D:9      | Reached **** piety under Elyvilon
 12289 | D:9      | Found a transporter.
 12293 | D:9      | Found a hazy altar of Hepliaklqana.
 12293 | D:9      | Found a transporter.
 12295 | D:9      | Noticed an ogre mage
 12389 | D:9      | Reached skill level 5 in Dodging
 13097 | D:9      | Found a staircase to the Orcish Mines.
 13202 | D:9      | Noticed Mgcat's ghost (journeyman MiBe)
 13540 | D:9      | Identified the ring "Farrat" {rElec MR+ Str-4 Int+3 SInv} (You found it on level 8 of the Dungeon)
 13623 | D:9      | Reached XP level 11. HP: 57/99 MP: 17/17
 14012 | D:9      | Found a glowing silver altar of Zin.
 14193 | D:10     | Entered Level 10 of the Dungeon
 14297 | D:10     | Learned a level 2 spell: Song of Slaying
 14358 | D:10     | Reached skill level 10 in Fighting
 14460 | D:10     | Noticed a two-headed ogre
 14474 | D:10     | Killed a two-headed ogre
 14474 | D:10     | Reached skill level 1 in Charms
 16336 | D:10     | Found an ornate altar of the Wu Jian Council.
 16454 | D:10     | Found Plog's Magic Scroll Emporium.
 16459 | D:10     | Bought a scroll of summoning for 152 gold pieces
 16459 | D:10     | Bought a scroll of magic mapping for 56 gold pieces
 16459 | D:10     | Bought 2 scrolls of fog for 64 gold pieces
 16459 | D:10     | Bought a scroll of blinking for 120 gold pieces
 16771 | D:10     | Reached ***** piety under Elyvilon
 16956 | D:11     | Noticed a two-headed ogre
 17048 | D:11     | Noticed a green ugly thing
 17067 | D:10     | Killed a green ugly thing
 17895 | D:10     | HP: 2/101 [gargoyle/stone arrow (16)]
 17899 | D:10     | Reached skill level 10 in Invocations
 18230 | D:11     | Killed a two-headed ogre
 18230 | D:11     | Reached skill level 12 in Unarmed Combat
 18427 | D:11     | Noticed a two-headed ogre
 18433 | D:11     | Killed a two-headed ogre
 18433 | D:11     | Reached XP level 12. HP: 91/110 MP: 19/19
 18657 | D:11     | Found a staircase to the Lair.
 19666 | D:12     | Noticed Nessos
 19682 | D:12     | Killed Nessos
 21992 | D:13     | Noticed Urug
 22162 | D:13     | Found a gate to the Vaults.
 22163 | D:13     | Noticed a centaur warrior
 22175 | D:13     | Noticed Rupert
 22713 | D:11     | Killed Rupert
 23245 | D:13     | Killed Urug
 23245 | D:13     | Reached skill level 13 in Unarmed Combat
 23576 | D:13     | Reached XP level 13. HP: 119/119 MP: 21/21
 23633 | D:13     | Found a portal to a secret trove of treasure.
 23998 | D:12     | Elyvilon protects you from harm!
 25737 | D:9      | Killed Mgcat's ghost
 26072 | Orc:1    | Entered Level 1 of the Orcish Mines
 26545 | Orc:1    | Found a roughly hewn altar of Beogh.
 27247 | Orc:2    | Entered Level 2 of the Orcish Mines
 27717 | Orc:2    | Found a roughly hewn altar of Beogh.
 27905 | Orc:2    | Found Edixuen's Food Boutique.
 28051 | Orc:2    | Found Zadgha's Magic Scroll Shop.
 28806 | Orc:2    | Reached skill level 10 in Dodging
 28806 | Orc:2    | Reached skill level 14 in Unarmed Combat
 29638 | Orc:2    | Found a staircase to the Elven Halls.
 30169 | Orc:2    | Gained mutation: Your tail ends in a poisonous barb. [Green Draconian growth]
 30169 | Orc:2    | Reached XP level 14. HP: 103/130 MP: 23/23
 30781 | Orc:2    | Noticed an orc warlord
 30850 | Orc:2    | HP: 6/130 [orc warlord/enchanted battleaxe (31)]
 31213 | Orc:2    | Killed an orc warlord
 31494 | Orc:2    | Found Osilac's Jewellery Emporium.
 31910 | Orc:2    | Gained mutation: Your magical capacity is low. (-10% MP) [a neqoxec]
 32481 | Orc:2    | Found a roughly hewn altar of Beogh.
 32522 | Orc:2    | Found Quokogie's Jewellery Shop.
 32973 | Orc:2    | Bought a +5 ring of protection for 660 gold pieces
 32973 | Orc:2    | Lost mutation: Your spells are a little easier to cast, but a little less powerful. [potion of mutation]
 32973 | Orc:2    | Lost mutation: Scrolls take you a little longer to read. [potion of mutation]
 32973 | Orc:2    | Lost mutation: Your magical capacity is low. (-10% MP) [potion of mutation]
 32973 | Orc:2    | Gained mutation: Your muscles are strong. (Str +2) [potion of mutation]
 32973 | Orc:2    | Gained mutation: Your large and strong wings let you fly indefinitely. [potion of mutation]
 32973 | Orc:2    | Gained mutation: Your magical capacity is low. (-10% MP) [potion of mutation]
 32973 | Orc:2    | Gained mutation: You have a pair of small antennae on your head. [potion of mutation]
 33110 | Lair:1   | Entered Level 1 of the Lair of Beasts
 34408 | Lair:2   | Found a staircase to the Snake Pit.
 35419 | Lair:3   | HP: 1/133 [rime drake/flash freeze (23)]
 36008 | Lair:3   | Reached ****** piety under Elyvilon
 36024 | Lair:3   | Reached skill level 15 in Unarmed Combat
 36575 | Lair:3   | Found a staircase to the Shoals.
 37368 | Lair:4   | Learned a level 6 spell: Shadow Creatures
 37793 | Lair:4   | Reached skill level 1 in Summonings
 38574 | Lair:5   | Reached skill level 1 in Spellcasting
 38883 | Lair:5   | Reached skill level 15 in Fighting
 39436 | Lair:5   | Reached XP level 15. HP: 79/141 MP: 21/21
 40177 | Lair:6   | Entered Level 6 of the Lair of Beasts
 40193 | Lair:6   | Found a snail-covered altar of Cheibriados.
 42087 | Lair:6   | Reached skill level 5 in Summonings
 43632 | Lair:6   | Found a large runed door.
 43803 | Lair:6   | Found a large runed door.
 43820 | Lair:6   | Reached skill level 1 in Shields
 44624 | Lair:6   | Found a staircase to the Slime Pits.
 44625 | Lair:6   | Found a viscous altar of Jiyva.
 45671 | D:14     | Noticed Sonja
 45678 | D:14     | Killed Sonja
 45752 | D:14     | Found a snail-covered altar of Cheibriados.
 46025 | D:15     | Entered Level 15 of the Dungeon
 46511 | D:15     | Learned a level 1 spell: Summon Butterflies
 46679 | D:15     | Found a staircase to the Depths.
 47005 | D:15     | Reached skill level 16 in Unarmed Combat
 47687 | D:15     | Learned a level 5 spell: Summon Mana Viper
 47880 | Orc:2    | Bought an uncursed ring of wizardry for 420 gold pieces
 47937 | Elf:1    | Entered Level 1 of the Elven Halls
 48228 | Orc:2    | Reached XP level 16. HP: 123/150 MP: 22/22
 48370 | Elf:1    | Reached skill level 5 in Spellcasting
 48883 | Elf:1    | Slain by a scimitar of slicing

Vault maps used:
D:1:      dpeg_arrival_windows_large_door, minmay_misc_feat_pillars
D:2:      fedhas_altar_2
D:3:      cheibrodos_greedy_goblins, marbit_many_paths
D:4:      kennysheep_orc_chapel, uniq_ijyb, uniq_grinder, uniq_pikel
D:5:      tso_metal_star, gup_sewer_entry_bowl, first_ration, st_stairs_5
D:6:      kennysheep_little_box, minmay_temple_entry_butterflies, serial_shops,
          shop, lightli_church_of_beogh
D:7:      lemuel_coloured_pillars_altar, kennysheep_vampire_church, basic_altar,
          uniq_crazy_yiuf_cottage
D:8:      hangedman_little_slice_of_home
D:9:      zin_scriptorium, gammafunk_temple_overflow_arena, orc_0_dummy
D:10:     special_room, serial_shops, shop_fountains, minmay_misc_feat_square,
          lemuel_tele_altar
D:11:     due_lair_maze_entry_diamond
D:12:     uniq_nessos
D:13:     david_vaults_3, enter_trove_1
D:14:     cheibriados_altar_1, uniq_sonja
D:15:     grunt_enter_depths_snipers, corexii_leaking_fountain
Lair:1:   special_room
Lair:2:   guppyfry_snake_entry_garden, beast_lair_carwin_4
Lair:3:   elwin_shoals_entry_rooms, beast_lair_carwin_6,
          infiniplex_staircase_pool_2
Lair:4:   roderic_batcave, minmay_holes
Lair:5:   uniq_urug
Lair:6:   cheibrodos_lair_end_hotspot, slime_altar_1, basic_altar,
          minmay_stone_trees_small, kennysheep_rathole
Orc:1:    special_room, basic_altar
Orc:2:    pubby_orc_utopia
Elf:1:    eino_elf_arrival_sip, minmay_elf_sorcery
Sewer:    sewer_big_baddie

Skill      XL: |  1  2  3  4  5  6  7  8  9 10 11 12 13 14 15 16 |
---------------+-------------------------------------------------+-----
Stealth        | 2 |  2.9
Dodging        | 3 5 6 8 10 11 | 11.0
Unarmed Combat | 4 5 6 7 9 10 11 12 13 14 15 16 | 16.1
Fighting       | 4 5 7 8 9 11 12 13 15 | 15.8
Invocations    | 1 3 5 7 8 10 11 12 | 12.0
Charms         | 2 |  2.0
Summonings     | 3 7 8 |  8.2
Spellcasting   | 2 4 5 |  5.1
Shields        | 3 |  3.9

Action                   |  1- 3 |  4- 6 |  7- 9 | 10-12 | 13-15 | 16-18 || total
-------------------------+-------+-------+-------+-------+-------+-------++-------
Melee: Unarmed           |   151 |   248 |   429 |  1121 |  2487 |    86 ||  4522
       Tailslap          |    20 |    31 |    48 |   150 |   408 |    10 ||   667
       Punch             |     3 |     3 |    15 |    57 |   177 |       ||   255
 Fire: Blowgun           |       |       |       |     3 |       |       ||     3
Throw: Stone             |       |     9 |     3 |     9 |    14 |       ||    35
Invok: Lesser Healing    |       |     5 |       |       |       |       ||     5
       Greater Healing   |       |       |       |     3 |    12 |     5 ||    20
 Abil: Breathe Noxious F |       |       |    10 |    28 |    38 |     2 ||    78
Evoke: Wand              |       |     4 |     3 |    16 |     9 |       ||    32
       Sack of spiders   |       |       |       |       |     2 |       ||     2
       Lamp of fire      |       |       |       |       |     2 |       ||     2
  Use: Scroll            |       |    10 |     7 |     6 |    10 |       ||    33
       Potion            |       |     6 |       |     3 |     5 |       ||    14
 Stab: Sleeping          |     5 |     9 |    12 |    10 |    18 |       ||    54
       Distracted        |       |     1 |       |     1 |       |       ||     2
       Paralysed         |       |    13 |     6 |     8 |       |       ||    27
       Confused          |       |       |     5 |    16 |    37 |     1 ||    59
  Eat: Chunk             |     1 |     6 |    11 |    26 |    56 |       ||   100
       Ration            |     1 |     1 |     2 |     9 |    10 |     2 ||    25
Armor: Skin              |    41 |    70 |   110 |   355 |   647 |    11 ||  1234
Dodge: Dodged            |   103 |   179 |   228 |   819 |  2037 |    25 ||  3391
Block: Buckler           |       |       |       |       |   103 |    13 ||   116
       Reflection        |       |       |       |       |     9 |     2 ||    11
       Other             |       |       |       |       |     8 |       ||     8

Table legend:
 A = Spawn XP
 B = Non-spawn XP
 C = Spawn XP percentage of total XP
 D = Spawn monster count
 E = Non-spawn monster count
 F = Spawn count percentage of total count
 G = Total turns spent on level
                    A         B        C        D         E        F      G
               +---------+---------+-------+---------+---------+-------+---------
         Total |       0 |  160198 |   0.0 |       0 |     988 |   0.0 | 48883
               +---------+---------+-------+---------+---------+-------+---------
           D:1 |       0 |      53 |   0.0 |       0 |      25 |   0.0 |  1219
           D:2 |       0 |      84 |   0.0 |       0 |      27 |   0.0 |  1068
           D:3 |       0 |     199 |   0.0 |       0 |      34 |   0.0 |  2650
           D:4 |       0 |    1261 |   0.0 |       0 |      25 |   0.0 |  1176
           D:5 |       0 |     747 |   0.0 |       0 |      26 |   0.0 |   851
           D:6 |       0 |    2410 |   0.0 |       0 |      53 |   0.0 |  2192
           D:7 |       0 |    1337 |   0.0 |       0 |      32 |   0.0 |   989
           D:8 |       0 |    2731 |   0.0 |       0 |      46 |   0.0 |  2144
           D:9 |       0 |    4872 |   0.0 |       0 |      40 |   0.0 |  2539
          D:10 |       0 |    6865 |   0.0 |       0 |      52 |   0.0 |  4000
          D:11 |       0 |    7560 |   0.0 |       0 |      35 |   0.0 |  2350
          D:12 |       0 |    9616 |   0.0 |       0 |      35 |   0.0 |  3545
          D:13 |       0 |   11943 |   0.0 |       0 |      42 |   0.0 |  1818
          D:14 |       0 |    3858 |   0.0 |       0 |      13 |   0.0 |   514
          D:15 |       0 |   16091 |   0.0 |       0 |      42 |   0.0 |  1664
        Lair:1 |       0 |    3754 |   0.0 |       0 |      18 |   0.0 |  1011
        Lair:2 |       0 |    5464 |   0.0 |       0 |      29 |   0.0 |  1539
        Lair:3 |       0 |    7803 |   0.0 |       0 |      32 |   0.0 |  1344
        Lair:4 |       0 |    6371 |   0.0 |       0 |      32 |   0.0 |  2026
        Lair:5 |       0 |   14304 |   0.0 |       0 |      54 |   0.0 |  3448
        Lair:6 |       0 |   17950 |   0.0 |       0 |      71 |   0.0 |  2671
         Orc:1 |       0 |    3230 |   0.0 |       0 |      54 |   0.0 |  1407
         Orc:2 |       0 |   23828 |   0.0 |       0 |     152 |   0.0 |  5700
         Elf:1 |       0 |    7748 |   0.0 |       0 |      13 |   0.0 |   611
         Sewer |       0 |     119 |   0.0 |       0 |       6 |   0.0 |   407
               +---------+---------+-------+---------+---------+-------+---------
